A- EAST
COLUMBIA FIREFLIES @ AUGUSTA GREENJACKETS
07/18/2041
 
TOP OF THE 1ST
Columbia Fireflies batting - Pitching for Augusta GreenJackets : RHP Steve Carr
Pitching: RHP Steve Carr
Batting: RHB Sancho Hernández 0-0: Foul Ball, location: 2F
0-1: Foul Ball, location: 2F
0-2: Ball
1-2: Fly out, F7 (Flyball, 7S, EV 98.8 MPH)
Batting: RHB Chris Robbins 0-0: Ball
1-0: Swinging Strike
1-1: Swinging Strike
1-2: Strikes out looking
Batting: RHB Jim Hart 0-0: Ball
1-0: Called Strike
1-1: Called Strike
1-2: Ground out U3 (Groundball, 34, EV 76.9 MPH)
Top of the 1st over - 0 runs, 0 hits, 0 errors, 0 left on base; Columbia 0 - Augusta 0
BOTTOM OF THE 1ST
Augusta GreenJackets batting - Pitching for Columbia Fireflies : RHP Bob Jensen
Pitching: RHP Bob Jensen
Batting: RHB José Cabrera 0-0: Called Strike
0-1: Foul Ball, location: 2F
0-2: Ball
1-2: Ball
2-2: Ball
3-2: Ground out 5-3 (Groundball, 56S, EV 66.9 MPH)
Batting: RHB Álex Beltrán 0-0: Fly out, F9 (Flyball, 9, EV 94.4 MPH)
Batting: LHB Doug Cox 0-0: Called Strike
0-1: Foul Ball, location: 23F
0-2: Strikes out looking
Bottom of the 1st over - 0 runs, 0 hits, 0 errors, 0 left on base; Columbia 0 - Augusta 0
TOP OF THE 2ND
Columbia Fireflies batting - Pitching for Augusta GreenJackets : RHP Steve Carr
Batting: LHB Luis Ramos 0-0: DOUBLE (Line Drive, 7LS, EV 105.6 MPH)
Batting: RHB Luis Rivera 0-0: Called Strike
0-1: Called Strike
0-2: Foul Ball, location: 2LF
0-2: Ball
1-2: Foul Ball, location: 2F
1-2: Foul Ball, location: 25F
1-2: Foul Ball, location: 2F
1-2: Ground out 5-3 (Groundball, 56, EV 99.4 MPH)
Batting: RHB Juan Vera 0-0: Ball
1-0: Foul Ball, location: 2F
1-1: Called Strike
1-2: Strikes out swinging
Batting: LHB Jon Márquez 0-0: Ball
1-0: Ground out 3-1 (Groundball, 34, EV 99.4 MPH)
Top of the 2nd over - 0 runs, 1 hit, 0 errors, 1 left on base; Columbia 0 - Augusta 0
BOTTOM OF THE 2ND
Augusta GreenJackets batting - Pitching for Columbia Fireflies : RHP Bob Jensen
Batting: RHB Ed Randolph 0-0: Swinging Strike
0-1: Ball
1-1: Foul Ball, location: 2F
1-2: Strikes out swinging
Batting: RHB Edgardo Rivas 0-0: Ball
1-0: Called Strike
1-1: Ground out 6-3 (Groundball, 6, EV 97.5 MPH)
Batting: RHB José García 0-0: Called Strike
0-1: Foul Ball, location: 5FF
0-2: Strikes out looking
Bottom of the 2nd over - 0 runs, 0 hits, 0 errors, 0 left on base; Columbia 0 - Augusta 0
TOP OF THE 3RD
Columbia Fireflies batting - Pitching for Augusta GreenJackets : RHP Steve Carr
Batting: RHB Ron Shaw 0-0: Ball
1-0: Ball
2-0: Ball
3-0: Base on Balls
Batting: RHB Ánibal Viera 0-0: Sac Bunt to 25 - play at first, batter safe!
Ron Shaw to second
Batting: RHB Sancho Hernández 0-0: Foul Ball, location: 2F
0-1: Called Strike
0-2: Strikes out looking
Batting: RHB Chris Robbins 0-0: Foul Ball, location: 25FF
0-1: Called Strike
0-2: Grounds into double play, 5-4-3 (Groundball, 5, EV 85.6 MPH)
Top of the 3rd over - 0 runs, 1 hit, 0 errors, 1 left on base; Columbia 0 - Augusta 0
BOTTOM OF THE 3RD
Augusta GreenJackets batting - Pitching for Columbia Fireflies : RHP Bob Jensen
Batting: RHB Johnny Bonner 0-0: SINGLE (Groundball, 4MD, EV 99.4 MPH)
Batting: RHB Raúl Durango 0-0: Ball
1-0: Ball
2-0: Called Strike
2-1: Ball
3-1: DOUBLE (Groundball, 5L, EV 107.5 MPH)
Johnny Bonner to third
Batting: RHB Josh Owens 0-0: Swinging Strike
0-1: Swinging Strike
0-2: Ball
1-2: Ball
2-2: Ball
3-2: Foul Ball, location: 5FF
3-2: Foul Ball, location: 3F
3-2: Base on Balls
Batting: RHB José Cabrera 0-0: Foul Ball, location: 5FF
0-1: Ball
1-1: Ball
2-1: Fly out, F6 (Popup, 6D, EV 53.1 MPH)
Batting: RHB Álex Beltrán 0-0: Fly out, F9 (Flyball, 9, EV 98.1 MPH)
Batting: LHB Doug Cox 0-0: Ball
1-0: Called Strike
1-1: Ball
2-1: Swinging Strike
2-2: Fly out, F7 (Flyball, 7LD, EV 97.5 MPH)
Bottom of the 3rd over - 0 runs, 2 hits, 0 errors, 3 left on base; Columbia 0 - Augusta 0
TOP OF THE 4TH
Columbia Fireflies batting - Pitching for Augusta GreenJackets : RHP Steve Carr
Batting: RHB Jim Hart 0-0: Called Strike
0-1: Foul Ball, location: 2F
0-2: Ball
1-2: Ground out 5-3 (Groundball, 56S, EV 84.4 MPH)
Batting: LHB Luis Ramos 0-0: Ground out 3-1 (Groundball, 34, EV 103.1 MPH)
Batting: RHB Luis Rivera 0-0: Called Strike
0-1: Ball
1-1: Ball
2-1: SINGLE (Groundball, 6MD, EV 96.9 MPH)
Batting: RHB Juan Vera 0-0: Called Strike
0-1: Ball
1-1: SINGLE (Flyball, 4MD, EV 100.6 MPH)
Luis Rivera to second
Runner from 2nd tries for 3rd, SAFE, throw by CF made to third
Batting: LHB Jon Márquez 0-0: Called Strike
0-1: Called Strike
0-2: Foul Ball, location: 2F
0-2: Ball
1-2: Ball
2-2: Foul Ball, location: 7LDF
2-2: Ball
3-2: Strikes out swinging
Top of the 4th over - 0 runs, 2 hits, 0 errors, 2 left on base; Columbia 0 - Augusta 0
BOTTOM OF THE 4TH
Augusta GreenJackets batting - Pitching for Columbia Fireflies : RHP Bob Jensen
Batting: RHB Ed Randolph 0-0: Ball
1-0: Ball
2-0: Ball
3-0: Called Strike
3-1: Base on Balls
Batting: RHB Edgardo Rivas 0-0: Called Strike
0-1: Ball
1-1: Ball
2-1: Ball
3-1: Grounds into double play, 4-6-3 (Groundball, 4, EV 89.4 MPH)
Batting: RHB José García 0-0: Foul Ball, location: 3F
0-1: Fly out, F7 (Flyball, 7, EV 94.4 MPH)
Bottom of the 4th over - 0 runs, 0 hits, 0 errors, 0 left on base; Columbia 0 - Augusta 0
TOP OF THE 5TH
Columbia Fireflies batting - Pitching for Augusta GreenJackets : RHP Steve Carr
Batting: RHB Ron Shaw 0-0: Called Strike
0-1: SINGLE (Line Drive, 56, EV 95.6 MPH)
Batting: RHB Ánibal Viera 0-0: Sac Bunt to 25 - play at first, batter OUT! 5-3
Ron Shaw to second
Batting: RHB Sancho Hernández 0-0: Ball
1-0: Swinging Strike
1-1: Ball
2-1: Called Strike
2-2: Ball
3-2: SINGLE (Groundball, 34D, EV 100.0 MPH)
Ron Shaw to third
Runner from 3rd tries for Home, SAFE, throw by RF to home
Batting: RHB Chris Robbins 0-0: Called Strike
0-1: Ball
1-1: Swinging Strike
1-2: Ball
2-2: Ball
3-2: Base on Balls
Sancho Hernández to second
Batting: RHB Jim Hart 0-0: Swinging Strike
0-1: Ball
1-1: Foul Ball, location: 7LMF
1-2: Strikes out swinging
Batting: LHB Luis Ramos 0-0: Ground out 4-3 (Groundball, 4S, EV 91.9 MPH)
Top of the 5th over - 1 run, 2 hits, 0 errors, 2 left on base; Columbia 1 - Augusta 0
BOTTOM OF THE 5TH
Augusta GreenJackets batting - Pitching for Columbia Fireflies : RHP Bob Jensen
Batting: RHB Johnny Bonner 0-0: Called Strike
0-1: Ball
1-1: Foul Ball, location: 2F
1-2: SINGLE (Line Drive, 3L, EV 106.9 MPH)
Batting: RHB Raúl Durango 0-0: Called Strike
0-1: Fielders Choice at 2nd, 3-6 (Groundball, 34, EV 84.4 MPH)
Batting: RHB Josh Owens 0-0: Ball
1-0: Ball
2-0: Foul Ball, location: 5DF
2-1: Fly out, F2 (Popup, 25F, EV 80.6 MPH)
Batting: RHB José Cabrera 0-0: Ball
1-0: Ground out 4-3 (Groundball, 4, EV 86.9 MPH)
Bottom of the 5th over - 0 runs, 1 hit, 0 errors, 1 left on base; Columbia 1 - Augusta 0
TOP OF THE 6TH
Columbia Fireflies batting - Pitching for Augusta GreenJackets : RHP Steve Carr
Batting: RHB Luis Rivera 0-0: Called Strike
0-1: Ball
1-1: Ball
2-1: Ball
3-1: Swinging Strike
3-2: Base on Balls
Pitching: RHP Micheal Rogers
Batting: RHB Juan Vera 0-0: Ball
1-0: Called Strike
1-1: Bunted foul
1-2: Fly out, F9 (Flyball, 89S, EV 86.9 MPH)
Batting: LHB Jon Márquez 0-0: Ball
1-0: Grounds into double play, 4-6-3 (Groundball, 4, EV 101.9 MPH)
Top of the 6th over - 0 runs, 0 hits, 0 errors, 0 left on base; Columbia 1 - Augusta 0
BOTTOM OF THE 6TH
Augusta GreenJackets batting - Pitching for Columbia Fireflies : RHP Bob Jensen
Batting: RHB Álex Beltrán 0-0: Ground out U3 (Groundball, 34S, EV 83.8 MPH)
Batting: LHB Doug Cox 0-0: Ball
1-0: Ground out 4-3 (Groundball, 4S, EV 89.4 MPH)
Batting: RHB Ed Randolph 0-0: Fly out, F6 (Popup, 6M, EV 55.6 MPH)
Bottom of the 6th over - 0 runs, 0 hits, 0 errors, 0 left on base; Columbia 1 - Augusta 0
TOP OF THE 7TH
Columbia Fireflies batting - Pitching for Augusta GreenJackets : RHP Micheal Rogers
Batting: RHB Ron Shaw 0-0: Ground out 6-3 (Groundball, 6, EV 98.8 MPH)
Pinch Hitting: RHB Jorge Morín 0-0: Foul Ball, location: 9LSF
0-1: SINGLE (Groundball, 4D, EV 96.3 MPH)
Pinch Hitting: LHB José González 0-0: Swinging Strike
0-1: Foul Ball, location: 9LSF
0-2: Foul Ball, location: 25F
0-2: Ball
1-2: Ball
2-2: Fly out, F6 (Popup, P, EV 86.3 MPH)
Pinch Hitting: SHB Álex Pérez 0-0: Ball
1-0: Called Strike
1-1: Called Strike
1-2: Ball
2-2: Foul Ball, location: 5F
2-2: Strikes out swinging
Top of the 7th over - 0 runs, 1 hit, 0 errors, 1 left on base; Columbia 1 - Augusta 0
BOTTOM OF THE 7TH
Augusta GreenJackets batting - Pitching for Columbia Fireflies : RHP Bob Jensen
Now at 1B: José González
Now at 2B: Jorge Morín
Now at 3B: Juan Vera
Now in LF: Álex Pérez
Batting: RHB Edgardo Rivas 0-0: Swinging Strike
0-1: Swinging Strike
0-2: Foul Ball, location: 5FF
0-2: Strikes out swinging
Batting: RHB José García 0-0: Called Strike
0-1: Ball
1-1: Ball
2-1: Ball
3-1: Base on Balls
Pitching: LHP José Mendoza
Batting: RHB Johnny Bonner 0-0: Ball
1-0: Swinging Strike
1-1: Ball
2-1: Ball
3-1: Base on Balls
José García to second
Batting: RHB Raúl Durango 0-0: SINGLE (Line Drive, 9S, EV 100.6 MPH)
José García to third
Johnny Bonner to second
Pinch Hitting: RHB Steve Mason 0-0: Ball
1-0: Swinging Strike
1-1: Foul Ball, location: 5F
1-2: Ball
2-2: SINGLE (Groundball, 56D, EV 106.3 MPH)
José García scores
Johnny Bonner to third
Raúl Durango to second
Batting: RHB José Cabrera 0-0: Ball
1-0: Called Strike
1-1: Ball
2-1: Foul Ball, location: 5DF
2-2: Ball
3-2: Base on Balls
Johnny Bonner scores
Raúl Durango to third
Steve Mason to second
Batting: RHB Álex Beltrán 0-0: SINGLE (Line Drive, 34D, EV 96.3 MPH)
Raúl Durango scores
Steve Mason to third
José Cabrera to second
Runner from 3rd tries for Home, SAFE, throw by RF to home
Batting: LHB Doug Cox 0-0: Foul Ball, location: 2F
0-1: SINGLE (Groundball, 34D, EV 100.0 MPH)
José Cabrera to third
Álex Beltrán to second
Runner from 3rd tries for Home, SAFE, throw by RF to home
Pitching: RHP Luis Cabrera
Batting: RHB Ed Randolph 0-0: Ball
1-0: Ball
2-0: Ball
3-0: Called Strike
3-1: Called Strike
3-2: Foul Ball, location: 2F
3-2: Foul Ball, location: 7LMF
3-2: Base on Balls
Álex Beltrán to third
Doug Cox to second
Batting: RHB Edgardo Rivas 0-0: Foul Ball, location: 2F
0-1: Called Strike
0-2: Ball
1-2: Strikes out swinging
Batting: RHB José García 0-0: Ball
1-0: Foul Ball, location: 25FF
1-1: Foul Ball, location: 9LMF
1-2: Foul Ball, location: 9LMF
1-2: Strikes out swinging
Bottom of the 7th over - 5 runs, 4 hits, 0 errors, 3 left on base; Columbia 1 - Augusta 5
TOP OF THE 8TH
Columbia Fireflies batting - Pitching for Augusta GreenJackets : RHP Micheal Rogers
Now at 3B: Steve Mason
Batting: RHB Jim Hart 0-0: Ball
1-0: Swinging Strike
1-1: Ball
2-1: Foul Ball, location: 2F
2-2: Ball
3-2: Ground out 1-3 (Groundball, 25, EV 68.8 MPH)
Batting: LHB Luis Ramos 0-0: Ball
1-0: Foul Ball, location: 2F
1-1: Ball
2-1: Ground out U3 (Groundball, 3, EV 84.4 MPH)
Pinch Hitting: LHB Dave Jones 0-0: Ground out 3-1 (Groundball, 34, EV 80.6 MPH)
Top of the 8th over - 0 runs, 0 hits, 0 errors, 0 left on base; Columbia 1 - Augusta 5
BOTTOM OF THE 8TH
Augusta GreenJackets batting - Pitching for Columbia Fireflies : RHP Luis Cabrera
Now in LF: Dave Jones
Now in RF: Álex Pérez
Batting: RHB Johnny Bonner 0-0: Ball
1-0: Ball
2-0: Foul Ball, location: 2F
2-1: Ball
3-1: Base on Balls
Batting: RHB Raúl Durango 0-0: Called Strike
0-1: Ball
1-1: Ball
Johnny Bonner is caught stealing 2nd base 2-4
2-1: Foul Ball, location: 9LSF
2-2: SOLO HOME RUN (Flyball, 78XD, EV 100.0 MPH), Distance : 412 ft
Batting: RHB Steve Mason 0-0: Fly out, F7 (Flyball, 7, EV 83.1 MPH)
Batting: RHB José Cabrera 0-0: Ball
1-0: Foul Ball, location: 23F
1-1: Ball
2-1: Swinging Strike
2-2: Foul Ball, location: 5DF
2-2: Ball
3-2: Base on Balls
Batting: RHB Álex Beltrán 0-0: Ball
José Cabrera is caught stealing 2nd base 2-4
Bottom of the 8th over - 1 run, 1 hit, 0 errors, 0 left on base; Columbia 1 - Augusta 6
TOP OF THE 9TH
Columbia Fireflies batting - Pitching for Augusta GreenJackets : RHP Micheal Rogers
Pinch Hitting: RHB Scotty Campbell 0-0: Ball
1-0: Foul Ball, location: 25F
1-1: Ball
2-1: SINGLE (Groundball, 4MD, EV 110.6 MPH)
Batting: RHB Rodrigo Jiménez 0-0: Ball
1-0: Ball
2-0: Swinging Strike
2-1: Ball
3-1: Base on Balls
Scotty Campbell to second
Pinch Hitting: RHB Elvis Bass 0-0: Ball
1-0: Called Strike
1-1: Ball
2-1: Foul Ball, location: 2F
2-2: Foul Ball, location: 2F
2-2: Foul Ball, location: 23F
2-2: Strikes out looking
Batting: RHB Jorge Morín 0-0: Called Strike
0-1: Ball
1-1: Ball
2-1: Grounds into double play, U5-3 (Groundball, 5L, EV 86.9 MPH)
Top of the 9th over - 0 runs, 1 hit, 0 errors, 1 left on base; Columbia 1 - Augusta 6
Monday, April 1st , 2024 - OOTP Baseball 24.10 Build 82